 Seeded DCSS version 0.32-a0-898-g7811c86cf0 (webtiles) character file.

Game seed: 20240404 (custom seed)

32 Orlauf the Twirler (level 3, -3/24 (28) HPs)
             Began as a Demonspawn Gladiator on Apr 4, 2024.
             Slain by Sigmund
             ... wielding a +1 scythe of pain
              (6 damage)
             ... on level 2 of the Dungeon.
             The game lasted 00:01:55 (1207 turns).

Orlauf the Twirler (Demonspawn Gladiator)           Turns: 1207, Time: 00:01:55

HP:   -3/24 (28)    AC:  5    Str: 16    XL:     3   Next: 8%
MP:   3/3           EV: 14    Int:  8    God:
Gold: 71            SH:  0    Dex: 14    Spells: 2/2 levels left

rFire   . . .        a - +0 quarterstaff
rCold   . . .        (shield currently unavailable)
rNeg    . . .        b - +0 leather armour
rPois   .            c - +0 helmet
rElec   .            (no cloak)
rCorr   .            (no gloves)
SInv    .            k - +0 pair of boots
Will    .....        (no amulet)
Stlth   +            (no ring)
HPRegen 0.24/turn    (no ring)
MPRegen 0.08/turn

%: no passive effects
@: heavily drained
A: repulsion field 2
a: no special abilities


You were on level 2 of the Dungeon.
You visited 1 branch of the dungeon, and saw 2 of its levels.

You collected 71 gold pieces.

Inventory:

Hand Weapons
 a - a +0 quarterstaff (weapon)
Missiles
 d - a throwing net (quivered)
 e - a javelin
Armour
 b - a +0 leather armour (worn)
 c - a +0 helmet (worn)
 k - a +0 pair of boots (worn)
Scrolls
 h - a scroll of fear {unknown}
 j - a scroll of teleportation {unknown}
Potions
 f - a potion of curing
 i - a potion of brilliance {unknown}


   Skills:
 + Level 2.6 Fighting
 * Level 3.5 Staves
 - Level 1.7 Throwing
 - Level 2.6 Dodging


You had 2 spell levels left.
You didn't know any spells.
Your spell library contained the following spells:

 Spells                   Type           Power      Damage    Failure   Level
 Mercury Vapours          Alch/Air       0%         N/A       63%         2
 Mephitic Cloud           Conj/Alch/Air  0%         N/A       85%         3
 Freezing Cloud           Conj/Ice/Air   0%         6-21      100%        5


Dungeon Overview and Level Annotations

Branches:
Dungeon (2/15)

Altars:

Annotations:
D:2 1 runed translucent door, Crazy Yiuf, Sigmund


Innate Abilities, Weirdness & Mutations

You are surrounded by a moderate repulsion field. (EV +3)


Message History

Found a hammer.
Found a runed translucent door.
Things that are here:
a +0 dagger of draining; a goblin corpse Sigmund the Dreaded comes into view.
He is wielding a +1 scythe of pain.
You throw a throwing net. The throwing net hits Sigmund.
Sigmund is caught in the net!
Sigmund gestures wildly while chanting.
Sigmund flickers and vanishes!
Deactivating autopickup; reactivate with Ctrl-A.
Something wriggles in the net.
Okay, then.
Okay, then.
Something wriggles in the net.
Something wriggles in the net.
Something wriggles in the net.
Something wriggles in the net.
All of a sudden the net rips apart!
You barely miss something. Something hits you but does no damage.
You writhe in agony.
You miss something. Something hits you!
You hit something but do no damage.
You feel much better. Something barely misses you.
You closely miss something. Something hits you but does no damage.
You miss something. Something hits you but does no damage.
You writhe in agony.
You miss something. You hit something but do no damage. Something hits you.
You hit something. Something hits you.
You closely miss something.
You hear some strange, mumbled words.
A magic dart appears from out of thin air!
The magic dart hits you.
You hit something but do no damage. Something hits you!
* * * LOW HITPOINT WARNING * * *
You writhe in agony.
* * * LOW HITPOINT WARNING * * *
You barely miss something.
Throw: 2 throwing nets
Press: ? - help, Q - select action, (/) - cycle Shift-Dir - straight line You throw a throwing net.
Something hits you.
You die...

######
.....###################
####............@{.....(
# #.##################.
# #.####### ####.......#
...#.#####.# ##.#.#
.....# ##^..## #.....#


There were no monsters in sight!

Vanquished Creatures
  A dart slug (D:1)
  A ball python (D:1)
  4 endoplasms
  2 giant cockroaches (D:1)
  6 goblins
  2 hobgoblins (D:1)
  3 jackals (D:1)
  A quokka (D:1)
  A bat (D:1)
  A frilled lizard (D:1)
  A kobold (D:2)
  A spectral kobold (D:1)
24 creatures vanquished.

Notes
Turn   | Place    | Note
-------+----------+-------------------------------------------
     0 | D:1      | Orlauf the Demonspawn Gladiator began the quest for the
                  | Orb.
     0 | D:1      | Reached XP level 1. HP: 16/16 MP: 1/1
   145 | D:1      | Reached skill level 3 in Staves
   148 | D:1      | Gained mutation: You are surrounded by a mild repulsion
                  | field. (EV +2) [demonic ancestry]
   148 | D:1      | Reached XP level 2. HP: 12/22 MP: 2/2
   728 | D:1      | Found a faded altar of an unknown god.
  1060 | D:2      | Gained mutation: You are surrounded by a moderate repulsion
                  | field. (EV +3) [demonic ancestry]
  1060 | D:2      | Reached XP level 3. HP: 28/28 MP: 3/3
  1145 | D:2      | Found a runed translucent door.
  1146 | D:2      | Noticed Crazy Yiuf
  1188 | D:2      | Noticed Sigmund
  1207 | D:2      | Slain by Sigmund

Illustrated notes

Levels and vault maps discovered:
D:1:      dpeg_arrival_pond, layout_loops_corners,
          dreamdust_ecumenical_altar_drowned_temple
D:2:      layout_loops_ring, uniq_sigmund, uniq_jessica, uniq_crazy_yiuf_cottage

Skill      XL: |  1 |
---------------+----+-----
Staves         | 3 |  3.5
Fighting       | |  2.6
Throwing       | |  1.7
Dodging        | |  2.6

Action                     || total
---------------------------++-------
  Melee: Quarterstaff      ||    69
  Throw: Throwing net      ||     2
    Use: Scroll            ||     3
         Potion            ||     1
   Stab: Sleeping          ||     1
 Armour: Leather armour    ||    34
  Dodge: Dodged            ||    27

Table legend: (Time is in decaauts)
 A = Elapsed time spent in this place.
 B = Non-inter-level travel time spent in this place.
 C = Inter-level travel time spent in this place.
 D = Time resting spent in this place.
 E = Time spent auto-exploring this place.
 F = Levels seen in this place.
 G = Mean time per level.
                   A        B        C        D        E       F      G
               +--------+--------+--------+--------+--------+-----+--------+
         Total |   1221 |   1171 |     50 |     55 |    922 |   2 |  610.5 |
       Dungeon |   1221 |   1171 |     50 |     55 |    922 |   2 |  610.5 |
               +--------+--------+--------+--------+--------+-----+--------+

Top non-repeatable levels by time:
     D:1: 990 daAuts
     D:2: 231 daAuts
